TOP OF THE 1ST |
Rochester Red Wings batting - Pitching for Pawtucket Red Sox : LHP Adam Schneidewind
|
Pitching: LHP Adam Schneidewind
|
|
Batting: RHB Mike Craver
|
0-0: Called Strike 0-1: Foul Ball, location: 2F 0-2: Ball 1-2: SINGLE (Groundball, 4MD, EV 106.9 MPH)
|
Batting: LHB Chaim Huting
|
0-0: Called Strike 0-1: Ball 1-1: Fly out, F8 (Flyball, 8RD, EV 98.8 MPH)
|
Batting: RHB Miguel Diaz
|
0-0: Ball 1-0: Ball 2-0: Ball 3-0: Base on Balls Mike Craver to second
|
Batting: RHB Matthew Starr
|
0-0: Grounds into double play, 4-6-3 (Groundball, 4M, EV 77.5 MPH)
|
Top of the 1st over - 0 runs, 1 hit, 0 errors, 1 left on base; Rochester 0 - Pawtucket 0 |
BOTTOM OF THE 1ST |
Pawtucket Red Sox batting - Pitching for Rochester Red Wings : LHP Josh Gunderson
|
Pitching: LHP Josh Gunderson
|
|
Batting: RHB John Chiesa
|
0-0: Called Strike 0-1: SINGLE (Groundball, 4MS, EV 74.4 MPH) (infield hit)
|
Batting: RHB Eric Garrett
|
0-0: Ball 1-0: Ball 2-0: Ball 3-0: Base on Balls John Chiesa to second
|
Batting: RHB Dave Nickerson
|
0-0: Ball 1-0: Ball Wild Pitch! John Chiesa to third Eric Garrett to second 2-0: Swinging Strike 2-1: Ball 3-1: Called Strike 3-2: Strikes out swinging
|
Batting: RHB Ernie Genier
|
0-0: Ball 1-0: Called Strike 1-1: Ground out 6-3 (Groundball, 6S, EV 94.4 MPH) John Chiesa scores
|
Batting: RHB Neil Mautone
|
0-0: Foul Ball, location: 2F 0-1: Foul Ball, location: 2F 0-2: Ground out 6-3 (Groundball, 6, EV 86.2 MPH)
|
Bottom of the 1st over - 1 run, 1 hit, 0 errors, 1 left on base; Rochester 0 - Pawtucket 1 |
TOP OF THE 2ND |
Rochester Red Wings batting - Pitching for Pawtucket Red Sox : LHP Adam Schneidewind
|
Batting: LHB Matt Robertson
|
0-0: Foul Ball, location: 2F 0-1: Foul Ball, location: 2F 0-2: Ball 1-2: Foul Ball, location: 2F 1-2: Foul Ball, location: 2F 1-2: Ball 2-2: Strikes out swinging
|
Batting: RHB Manuel Juarez
|
0-0: Ball 1-0: Called Strike 1-1: Fly out, F9 (Flyball, 9LM, EV 84.4 MPH)
|
Batting: RHB Sean Gould
|
0-0: Called Strike 0-1: SINGLE (Groundball, 4MD, EV 111.2 MPH)
|
Batting: LHB Israel Montoya
|
0-0: Called Strike 0-1: Ball 1-1: Called Strike 1-2: SINGLE (Groundball, 6MD, EV 103.1 MPH) Sean Gould to second
|
Batting: RHB Jose Nunez
|
0-0: Called Strike 0-1: Ball 1-1: DOUBLE (Groundball, 5L, EV 102.5 MPH) Sean Gould scores Israel Montoya to third Runner from 3rd tries for Home, SAFE, throw by LF to home
|
Batting: RHB Mike Craver
|
0-0: SINGLE (Groundball, 6MD, EV 96.9 MPH) Jose Nunez to third Runner from 3rd tries for Home, SAFE, throw by CF to home Mike Craver to second
|
Batting: LHB Chaim Huting
|
0-0: SINGLE (Groundball, 3D, EV 96.9 MPH) Mike Craver to third Runner from 3rd tries for Home, SAFE, throw by RF to home
|
Batting: RHB Miguel Diaz
|
0-0: Ball 1-0: Called Strike 1-1: SINGLE (Flyball, 78S, EV 93.1 MPH) Chaim Huting to second
|
Batting: RHB Matthew Starr
|
0-0: Ball 1-0: Ball 2-0: Ball 3-0: Called Strike 3-1: DOUBLE (Flyball, 89XD, EV 105.6 MPH) Chaim Huting scores Miguel Diaz to third Runner from 3rd tries for Home, SAFE, throw by CF to home
|
Pitching: LHP Ken Intagliata
|
|
Batting: LHB Matt Robertson
|
0-0: Called Strike 0-1: Ball 1-1: Called Strike 1-2: Foul Ball, location: 2F 1-2: Ball 2-2: Foul Ball, location: 2F 2-2: Ball 3-2: Ground out U3 (Groundball, 34S, EV 88.1 MPH)
|
Top of the 2nd over - 6 runs, 7 hits, 0 errors, 1 left on base; Rochester 6 - Pawtucket 1 |
BOTTOM OF THE 2ND |
Pawtucket Red Sox batting - Pitching for Rochester Red Wings : LHP Josh Gunderson
|
Now at SS: Alex Sandoval
|
|
Batting: RHB William Lung
|
0-0: Ball 1-0: Fly out, F7 (Flyball, 7, EV 96.2 MPH)
|
Batting: RHB David Norum
|
0-0: Foul Ball, location: 2F 0-1: SINGLE (Groundball, 6S, EV 66.2 MPH) (infield hit)
|
Batting: RHB Joe Evrard
|
0-0: Ball 1-0: Ball 2-0: Ball 3-0: Base on Balls David Norum to second
|
Batting: SHB Gus Cruz
|
0-0: Ball 1-0: Ball 2-0: Ball 3-0: Base on Balls David Norum to third Joe Evrard to second
|
Batting: RHB John Chiesa
|
0-0: Ball 1-0: Ball 2-0: Fly out, F5 (Line Drive, 5L, EV 67.5 MPH)
|
Batting: RHB Eric Garrett
|
0-0: Ball 1-0: Ball 2-0: Ball 3-0: Called Strike 3-1: Base on Balls David Norum scores Joe Evrard to third Gus Cruz to second
|
Batting: RHB Dave Nickerson
|
0-0: Foul Ball, location: 2F 0-1: Ball 1-1: Fly out, F8 (Line Drive, 8LM, EV 87.5 MPH)
|
Bottom of the 2nd over - 1 run, 1 hit, 0 errors, 3 left on base; Rochester 6 - Pawtucket 2 |
TOP OF THE 3RD |
Rochester Red Wings batting - Pitching for Pawtucket Red Sox : LHP Ken Intagliata
|
Batting: RHB Manuel Juarez
|
0-0: Ball 1-0: Foul Ball, location: 2F 1-1: Ball 2-1: Ground out 6-3 (Groundball, 6, EV 87.5 MPH)
|
Batting: RHB Sean Gould
|
0-0: Ball 1-0: SINGLE (Flyball, 6D, EV 86.9 MPH)
|
Batting: LHB Israel Montoya
|
0-0: Called Strike 0-1: Ball 1-1: Ball 2-1: Fielders Choice at 2nd, 4-6 (Groundball, 34D, EV 86.2 MPH)
|
Batting: RHB Jose Nunez
|
0-0: Called Strike 0-1: Fly out, F8 (Flyball, 89M, EV 95.0 MPH)
|
Top of the 3rd over - 0 runs, 1 hit, 0 errors, 1 left on base; Rochester 6 - Pawtucket 2 |
BOTTOM OF THE 3RD |
Pawtucket Red Sox batting - Pitching for Rochester Red Wings : LHP Josh Gunderson
|
Batting: RHB Ernie Genier
|
0-0: Called Strike 0-1: Ball 1-1: Ball 2-1: Foul Ball, location: 2F 2-2: Ball 3-2: Foul Ball, location: 2F 3-2: Ground out 6-3 (Groundball, 6M, EV 107.5 MPH)
|
Batting: RHB Neil Mautone
|
0-0: Foul Ball, location: 2F 0-1: Called Strike 0-2: Ground out U3 (Groundball, 34S, EV 87.5 MPH)
|
Batting: RHB William Lung
|
0-0: Swinging Strike 0-1: Ground out 5-3 (Groundball, 56, EV 99.4 MPH)
|
Bottom of the 3rd over - 0 runs, 0 hits, 0 errors, 0 left on base; Rochester 6 - Pawtucket 2 |
TOP OF THE 4TH |
Rochester Red Wings batting - Pitching for Pawtucket Red Sox : LHP Ken Intagliata
|
Batting: RHB Alex Sandoval
|
0-0: Ball 1-0: Called Strike 1-1: Ball 2-1: Ball 3-1: Ground out 6-3 (Groundball, 56, EV 88.8 MPH)
|
Batting: LHB Chaim Huting
|
0-0: Called Strike 0-1: Ball 1-1: Ball 2-1: Foul Ball, location: 2F 2-2: Foul Ball, location: 2F 2-2: Strikes out looking
|
Batting: RHB Miguel Diaz
|
0-0: Fly out, F3 (Popup, 3SF, EV 74.4 MPH)
|
Top of the 4th over - 0 runs, 0 hits, 0 errors, 0 left on base; Rochester 6 - Pawtucket 2 |
BOTTOM OF THE 4TH |
Pawtucket Red Sox batting - Pitching for Rochester Red Wings : LHP Josh Gunderson
|
Batting: RHB David Norum
|
0-0: Fly out, F9 (Flyball, 9D, EV 93.1 MPH)
|
Batting: RHB Joe Evrard
|
0-0: Ground out 5-3 (Groundball, 56, EV 88.8 MPH)
|
Batting: SHB Gus Cruz
|
0-0: Called Strike 0-1: Swinging Strike 0-2: Strikes out swinging
|
Bottom of the 4th over - 0 runs, 0 hits, 0 errors, 0 left on base; Rochester 6 - Pawtucket 2 |
TOP OF THE 5TH |
Rochester Red Wings batting - Pitching for Pawtucket Red Sox : LHP Ken Intagliata
|
Batting: RHB Matthew Starr
|
0-0: Called Strike 0-1: Ball 1-1: Swinging Strike 1-2: Ball 2-2: Strikes out swinging
|
Batting: LHB Matt Robertson
|
0-0: Ball 1-0: Ball 2-0: Foul Ball, location: 2F 2-1: Foul Ball, location: 2F 2-2: Foul Ball, location: 2F 2-2: Foul Ball, location: 2F 2-2: Foul Ball, location: 2F 2-2: Foul Ball, location: 2F 2-2: Fly out, F7 (Flyball, 7LM, EV 88.8 MPH)
|
Batting: RHB Manuel Juarez
|
0-0: Foul Ball, location: 2F 0-1: Ball 1-1: Foul Ball, location: 2F 1-2: Ball 2-2: Ball 3-2: Foul Ball, location: 2F 3-2: Strikes out swinging
|
Top of the 5th over - 0 runs, 0 hits, 0 errors, 0 left on base; Rochester 6 - Pawtucket 2 |
BOTTOM OF THE 5TH |
Pawtucket Red Sox batting - Pitching for Rochester Red Wings : LHP Josh Gunderson
|
Batting: RHB John Chiesa
|
0-0: Ball 1-0: Foul Ball, location: 2F 1-1: Called Strike 1-2: Foul Ball, location: 2F 1-2: Ball 2-2: Foul Ball, location: 2F 2-2: Ground out 4-3 (Groundball, 4, EV 102.5 MPH)
|
Batting: RHB Eric Garrett
|
0-0: Ball 1-0: Ball 2-0: Ball 3-0: Called Strike 3-1: Ground out 6-3 (Groundball, 6, EV 86.9 MPH)
|
Batting: RHB Dave Nickerson
|
0-0: Ball 1-0: Foul Ball, location: 2F 1-1: Called Strike 1-2: Strikes out looking
|
Bottom of the 5th over - 0 runs, 0 hits, 0 errors, 0 left on base; Rochester 6 - Pawtucket 2 |
TOP OF THE 6TH |
Rochester Red Wings batting - Pitching for Pawtucket Red Sox : LHP Ken Intagliata
|
Batting: RHB Sean Gould
|
0-0: DOUBLE (Line Drive, 5D, EV 94.4 MPH)
|
Pitching: RHP Jon Mercado
|
|
Batting: LHB Israel Montoya
|
0-0: Foul Ball, location: 2F 0-1: Swinging Strike 0-2: Ball 1-2: Ball 2-2: Fly out, F8 (Flyball, 89M, EV 71.9 MPH)
|
Batting: RHB Jose Nunez
|
0-0: Ball 1-0: Ball 2-0: Ball 3-0: Foul Ball, location: 2F 3-1: Base on Balls
|
Batting: RHB Alex Sandoval
|
0-0: Ball 1-0: Foul Ball, location: 2F 1-1: Ball 2-1: Swinging Strike 2-2: Ball 3-2: Grounds into double play, 5-4-3 (Groundball, 56S, EV 80.6 MPH)
|
Top of the 6th over - 0 runs, 1 hit, 0 errors, 1 left on base; Rochester 6 - Pawtucket 2 |
BOTTOM OF THE 6TH |
Pawtucket Red Sox batting - Pitching for Rochester Red Wings : LHP Josh Gunderson
|
Batting: RHB Ernie Genier
|
0-0: Swinging Strike 0-1: Ground out 6-3 (Groundball, 6, EV 104.4 MPH)
|
Batting: RHB Neil Mautone
|
0-0: Called Strike 0-1: Foul Ball, location: 2F 0-2: SINGLE (Line Drive, 9S, EV 110.6 MPH)
|
Batting: RHB William Lung
|
0-0: Called Strike 0-1: Ball 1-1: Fly out, F7 (Flyball, 7D, EV 97.5 MPH)
|
Batting: RHB David Norum
|
0-0: Called Strike 0-1: Called Strike 0-2: Ball 1-2: Ground out 4-3 (Groundball, 4, EV 101.9 MPH)
|
Bottom of the 6th over - 0 runs, 1 hit, 0 errors, 1 left on base; Rochester 6 - Pawtucket 2 |
TOP OF THE 7TH |
Rochester Red Wings batting - Pitching for Pawtucket Red Sox : RHP Jon Mercado
|
Batting: LHB Chaim Huting
|
0-0: Ball 1-0: Called Strike 1-1: Fly out, F7 (Flyball, 7S, EV 90.0 MPH)
|
Batting: RHB Miguel Diaz
|
0-0: Called Strike 0-1: Foul Ball, location: 2F 0-2: Ball 1-2: Foul Ball, location: 2F 1-2: Strikes out swinging
|
Batting: RHB Matthew Starr
|
0-0: Called Strike 0-1: Swinging Strike 0-2: Strikes out swinging
|
Top of the 7th over - 0 runs, 0 hits, 0 errors, 0 left on base; Rochester 6 - Pawtucket 2 |
BOTTOM OF THE 7TH |
Pawtucket Red Sox batting - Pitching for Rochester Red Wings : LHP Josh Gunderson
|
Batting: RHB Joe Evrard
|
0-0: Ball 1-0: Swinging Strike 1-1: Ball 2-1: SINGLE (Groundball, 4MD, EV 102.5 MPH)
|
Batting: SHB Gus Cruz
|
0-0: Fielders Choice at 2nd, 6-4 (Groundball, 56, EV 85.0 MPH)
|
Batting: RHB John Chiesa
|
0-0: Called Strike 0-1: Foul Ball, location: 2F 0-2: Fly out, F8 (Flyball, 8RD, EV 71.9 MPH)
|
Batting: RHB Eric Garrett
|
0-0: Called Strike 0-1: Ball 1-1: Fielders Choice at 2nd, 6-4 (Groundball, 6, EV 87.5 MPH)
|
Bottom of the 7th over - 0 runs, 1 hit, 0 errors, 1 left on base; Rochester 6 - Pawtucket 2 |
TOP OF THE 8TH |
Rochester Red Wings batting - Pitching for Pawtucket Red Sox : RHP Jon Mercado
|
Pitching: RHP John Jordan
|
|
Batting: LHB Matt Robertson
|
0-0: Ball 1-0: Swinging Strike 1-1: Called Strike 1-2: Ball 2-2: Strikes out swinging
|
Batting: RHB Manuel Juarez
|
0-0: Ball 1-0: Ball 2-0: Ball 3-0: Called Strike 3-1: Foul Ball, location: 2F 3-2: Base on Balls
|
Batting: RHB Sean Gould
|
0-0: Swinging Strike 0-1: Foul Ball, location: 2F 0-2: Strikes out swinging Manuel Juarez is caught stealing 2nd base 2-4 Batter strikes out.
|
Top of the 8th over - 0 runs, 0 hits, 0 errors, 0 left on base; Rochester 6 - Pawtucket 2 |
BOTTOM OF THE 8TH |
Pawtucket Red Sox batting - Pitching for Rochester Red Wings : LHP Josh Gunderson
|
Pitching: RHP George Cooper
|
|
Batting: RHB Dave Nickerson
|
0-0: Ball 1-0: Called Strike 1-1: Foul Ball, location: 2F 1-2: Foul Ball, location: 2F 1-2: Ball 2-2: Strikes out swinging
|
Batting: RHB Ernie Genier
|
0-0: Ball 1-0: Foul Ball, location: 2F 1-1: Foul Ball, location: 2F 1-2: SINGLE (Line Drive, 9S, EV 108.8 MPH)
|
Batting: RHB Neil Mautone
|
0-0: Called Strike 0-1: Ball 1-1: Ball 2-1: Ball 3-1: Base on Balls Ernie Genier to second
|
Pinch Hitting: LHB Brian Gray
|
0-0: Swinging Strike 0-1: Ball 1-1: Swinging Strike 1-2: 3-RUN HOME RUN (Flyball, 9D, EV 96.9 MPH), Distance : 372 ft
|
Pitching: RHP Juan Gomez
|
|
Pinch Hitting: LHB John Bailey
|
0-0: Swinging Strike 0-1: SINGLE (Line Drive, 7LM, EV 106.9 MPH)
|
Pinch Hitting: LHB Noel Young
|
0-0: Bunt missed! 0-1: Bunted foul 0-2: Ball 1-2: Foul Ball, location: 2F 1-2: Strikes out swinging
|
Batting: SHB Gus Cruz
|
0-0: Swinging Strike 0-1: Ball 1-1: Ball 2-1: SINGLE (Groundball, 3, EV 95.0 MPH) John Bailey to second Runner from 2nd tries for 3rd, SAFE, no throw by RF
|
Batting: RHB John Chiesa
|
0-0: Called Strike 0-1: Foul Ball, location: 2F 0-2: Ball 1-2: Strikes out swinging
|
Bottom of the 8th over - 3 runs, 4 hits, 0 errors, 2 left on base; Rochester 6 - Pawtucket 5 |
TOP OF THE 9TH |
Rochester Red Wings batting - Pitching for Pawtucket Red Sox : RHP John Jordan
|
Now at 2B: Frank Olivo
|
|
Now at 3B: John Bailey
|
|
Now at SS: Gus Cruz
|
|
Now in LF: Brian Gray
|
|
Batting: LHB Israel Montoya
|
0-0: Ball 1-0: Ground out 1-3 (Groundball, 34S, EV 62.5 MPH)
|
Batting: RHB Jose Nunez
|
0-0: Swinging Strike 0-1: Ball 1-1: Ball 2-1: Called Strike 2-2: Foul Ball, location: 2F 2-2: Strikes out swinging
|
Batting: RHB Alex Sandoval
|
0-0: Called Strike 0-1: Ball 1-1: Foul Ball, location: 2F 1-2: Strikes out swinging
|
Top of the 9th over - 0 runs, 0 hits, 0 errors, 0 left on base; Rochester 6 - Pawtucket 5 |
BOTTOM OF THE 9TH |
Pawtucket Red Sox batting - Pitching for Rochester Red Wings : RHP Juan Gomez
|
Pitching: LHP Inkei Wakamatsu
|
|
Now at 1B: Jimmy Mayville
|
|
Batting: RHB Eric Garrett
|
0-0: Ball 1-0: Ground out 6-3 (Groundball, 6, EV 91.2 MPH)
|
Batting: RHB Dave Nickerson
|
0-0: SINGLE (Line Drive, 78S, EV 88.1 MPH)
|
Batting: RHB Ernie Genier
|
0-0: Called Strike 0-1: Ball 1-1: DOUBLE (Flyball, 78XD, EV 104.4 MPH) Dave Nickerson to third Runner from 3rd tries for Home, SAFE, no throw by CF
|
Batting: RHB Neil Mautone
|
0-0: Intentional Walk
|
Pinch Runner at 2nd Blake Sams:
|
|
Pinch Hitting: RHB Jose Diaz
|
0-0: Foul Ball, location: 2F 0-1: Ball 1-1: Foul Ball, location: 2F 1-2: SINGLE (Flyball, 8LS, EV 91.9 MPH) Blake Sams to third Neil Mautone to second Runner from 3rd tries for Home, SAFE, throw by CF to home
|
Bottom of the 9th over - 2 runs, 3 hits, 0 errors, 2 left on base; Rochester 6 - Pawtucket 7 |
|